 Dungeon Crawl Stone Soup version 0.31-a0-960-g0fca184906 (webtiles) character file.

Game seed: 7172938028302541645

76 Error4North the Changeling (level 4, 0/36 HPs)
             Began as a Draconian Shapeshifter on Oct 23, 2023.
             Slain by a gnoll
             ... wielding a +0 whip
              (5 damage)
             ... on level 1 of the Dungeon.
             The game lasted 00:05:20 (1375 turns).

Error4North the Changeling (Draconian Shapeshifter) Turns: 1375, Time: 00:05:21

Health: 0/36       AC:  5    Str: 18    XL:     4   Next: 12%
Magic:  4/4        EV: 12    Int: 10    God:
Gold:   113        SH:  0    Dex: 11    Spells: 3/3 levels left

rFire   . .          .
                       - Unarmed
rCold   . . .        (no shield)
rNeg    . . .        (body armour unavailable)
rPois   .            (helmet currently unavailable)
rElec   .            (cloak currently unavailable)
rCorr   +            (gloves currently unavailable)
SInv    .            g - melded +0 pair of boots
Will    +....        (no amulet)
Stlth   +            l - ring of resist corrosion
HPRegen 0.26/turn    m - ring of willpower
MPRegen 0.09/turn

%: no passive effects
@: beast-form
A: beast (slay +2), AC +5, unfitting armour, cold-blooded
a: Begin Untransformation


You were on level 1 of the Dungeon.
You were a hulking beast.
You visited 1 branch of the dungeon, and saw 2 of its levels.

You collected 113 gold pieces.

Inventory:

Armour
 g - a +0 pair of boots (melded)
Jewellery
 l - a ring of resist corrosion (left hand)
 m - a ring of willpower (right hand)
Talismans
 b - a beast talisman (active)
 c - a flux talisman
Scrolls
 d - 2 scrolls of revelation {unknown}
 e - a scroll of amnesia {unknown}
 f - a scroll of poison {unknown}
 j - a scroll of noise {unknown}
 k - 2 scrolls of identify {unknown}
Potions
 a - a potion of lignification
 h - a potion of mutation {unknown}
 i - a potion of haste {unknown}
 n - a potion of might {unknown}


   Skills:
 * Level 1.6 Fighting
 * Level 2.5 Dodging
 + Level 3.6 Unarmed Combat
 * Level 3.6 Shapeshifting


You had 3 spell levels left.
You didn't know any spells.
Your spell library contained the following spells:

 Spells                   Type           Power      Damage    Failure   Level
 Necrotise                Necr           0%         1d4       36%         1
 Blink                    Tloc           0%         N/A       50%         2
 Lesser Beckoning         Tloc           0%         N/A       50%         2
 Momentum Strike          Conj/Tloc      0%         3d8       50%         2
 Vampiric Draining        Necr           0%         2d6       75%         3
 Agony                    Necr           0%         N/A       100%        5


Dungeon Overview and Level Annotations

Branches:
Dungeon (2/15)

Altars:

Shops:
D:1 [


Innate Abilities, Weirdness & Mutations

You are a hulking beast.
Your limbs bulge with bestial killing power. (Slay +2)
Your plain brown scales are hard. (AC +5)
You cannot fit into any form of body armour.
You are cold-blooded and may be slowed by cold attacks.


Message History

You add the spells Necrotise, Vampiric Draining and Agony to your library.
You see here a +0 plate armour.
You open the door.
A kobold and 3 gnolls come into view.
A gnoll is wielding a +0 club.
The kobold shouts!
The gnoll shouts!
There is a stone staircase leading up here.
The gnoll misses you.
The gnoll hits you from afar with a +0 halberd.
You climb upwards.
There is a stone staircase leading down here.
The gnoll closely misses you. The gnoll misses you.
The gnoll hits you with a +0 club. The gnoll attacks as it pursues you!
The gnoll hits you with a +0 whip.
You barely miss the gnoll. The gnoll hits you with a +0 whip.
You hit the gnoll but do no damage. The gnoll hits you with a +0 whip.
You closely miss the gnoll. You hit the gnoll.
The gnoll is lightly wounded.
You hit the gnoll.
The gnoll is severely wounded.
The gnoll hits you with a +0 club.
You hit the gnoll. You tail-slap the gnoll.
The gnoll is almost dead.
The gnoll hits you with a +0 club.
* * * LOW HITPOINT WARNING * * *
You closely miss the gnoll.
The gnoll is almost dead.
The gnoll barely misses you.
You hit the gnoll.
You kill the gnoll!
You have reached level 4!
You feel agile.
You hit the gnoll. You punch the gnoll.
The gnoll is severely wounded.
The gnoll hits you with a +0 whip!
* * * LOW HITPOINT WARNING * * *
You barely miss the gnoll.
The gnoll is severely wounded.
The gnoll hits you with a +0 whip.
You die...

...........##.#...#........†.....
...........##.#...######...##....
##.∩#.......#.....##.....#######.
##.∩∩#.....##.##.................
...........##.........###.......#
##..##.....##.##..##..# #.......#
#.###.....∩#.##......###.......#
####∩.....∩#.....#..............
#∩.....##..#h##..............
#∩.....##.##g##....#.........
##....|∩#>.......#.#.##......
#.....∩#...###.##.#.##∩.....
##...###.....[).....##......
#...# #...#.##.###.##...... ##..#
##..#.#....).##...... ##<#
#..#........##...... ###
#...[#########......


You could see a gnoll.

Vanquished Creatures
  2 gnolls (D:1)
  An adder (D:2)
  A worm (D:2)
  3 bats (D:1)
  An endoplasm (D:1)
  2 giant cockroaches (D:2)
  4 goblins
  4 hobgoblins
  2 quokkas (D:1)
  6 ball pythons
  6 frilled lizards
  7 kobolds
  6 rats
45 creatures vanquished.

Notes
Turn   | Place    | Note
-------+----------+-------------------------------------------
     0 | D:1      | Error4North the Draconian Shapeshifter began the quest for
                  | the Orb.
     0 | D:1      | Reached XP level 1. HP: 16/16 MP: 1/1
   105 | D:1      | Found Azyn's Armour Emporium.
   163 | D:1      | Reached XP level 2. HP: 21/23 MP: 2/2
   462 | D:1      | Reached XP level 3. HP: 28/28 MP: 3/3
   889 | D:2      | Found a faded altar of an unknown god.
  1374 | D:1      | Reached XP level 4. HP: 11/36 MP: 4/4
  1375 | D:1      | Slain by a gnoll

Illustrated notes

Levels and vault maps discovered:
D:1:      amcnicky_arrival_abandoned_market, layout_basic, serial_shops, shop,
          minmay_misc_feat_columns, minmay_tromino_mix6
D:2:      layout_rooms, chequers_ecumenical_altar_twisty, minivault_24,
          nicolae_hexahallways, minmay_cupped

Skill      XL: |  1  2 |
---------------+-------+-----
Dodging        | 2 |  2.5
Fighting       | |  1.6
Unarmed Combat | |  3.6
Shapeshifting  | |  3.6

Action                     |  1- 3 |  4- 6 || total
---------------------------+-------+-------++-------
  Melee: Unarmed           |   124 |     2 ||   126
         Tailslap          |    14 |       ||    14
         Punch             |     1 |     1 ||     2
 Armour: Skin              |    67 |     2 ||    69
  Dodge: Dodged            |    95 |       ||    95
   Form: Beast             |     2 |       ||     2
                           |     1 |       ||     1

Table legend: (Time is in decaauts)
 A = Elapsed time spent in this place.
 B = Non-inter-level travel time spent in this place.
 C = Inter-level travel time spent in this place.
 D = Time resting spent in this place.
 E = Time spent auto-exploring this place.
 F = Levels seen in this place.
 G = Mean time per level.
                   A        B        C        D        E       F      G
               +--------+--------+--------+--------+--------+-----+--------+
         Total |   1367 |   1367 |      0 |     34 |    894 |   2 |  683.5 |
       Dungeon |   1367 |   1367 |      0 |     34 |    894 |   2 |  683.5 |
               +--------+--------+--------+--------+--------+-----+--------+

Top non-repeatable levels by time:
     D:2: 779 daAuts
     D:1: 587 daAuts
